 Dungeon Crawl Stone Soup version 0.30.0-29-ga12c61a403 (webtiles) character file.

Game seed: 4182568617738922427

973 booth the Conjurer (level 7, -5/49 HPs)
             Began as a Demonspawn Reaver on June 17, 2023.
             Slain by an ogre
             ... wielding a +0 giant club
              (30 damage)
             ... on level 4 of the Dungeon.
             The game lasted 00:23:32 (3738 turns).

booth the Conjurer (Demonspawn Reaver)              Turns: 3738, Time: 00:23:33

Health: -5/49      AC:  7    Str: 17    XL:     7   Next: 94%
Magic:  13/13      EV: 12    Int: 17    God:
Gold:   197        SH:  0    Dex: 10    Spells: 7/14 levels left

rFire   . . .        a - +0 hand axe
rCold   . . .        (no shield)
rNeg    . . .        b - +0 leather armour
rPois   .            s - +0 helmet
rElec   .            r - +0 cloak
rCorr   .            (no gloves)
SInv    +            (no boots)
Will    .....        d - amulet of magic regeneration
Stlth   +            j - ring of see invisible
HPRegen 0.28/turn    (no ring)
MPRegen 0.53/turn

%: no passive effects
@: no status effects
A: claws 1, thin metallic scales 1, spiny 1, clever 1, frail 1, strong 1
a: no special abilities


You were on level 4 of the Dungeon.
You visited 1 branch of the dungeon, and saw 4 of its levels.

You collected 197 gold pieces.

Inventory:

Hand Weapons
 a - a +0 hand axe (weapon)
 f - a +0 mace
Missiles
 e - 3 poisoned darts (quivered)
Armour
 b - a +0 leather armour (worn)
 c - a +0 ring mail of cold resistance
 r - a +0 cloak (worn)
 s - a +0 helmet (worn)
Jewellery
 d - an amulet of magic regeneration (around neck)
 j - a ring of see invisible (left claw)
 u - a ring of positive energy
Scrolls
 k - 3 scrolls of amnesia
 l - a scroll of magic mapping
 t - a scroll of immolation
 w - a scroll of silence {unknown}
 x - a scroll of brand weapon {unknown}
Potions
 h - a potion of might
 i - a potion of lignification
 m - a potion of degeneration {unknown}
 o - a potion of haste
 p - 2 potions of flight {unknown}
 q - a potion of cancellation
 v - a potion of mutation


   Skills:
 + Level 4.4 Fighting
 + Level 4.6 Axes
 + Level 4.0 Dodging
 + Level 4.1 Spellcasting
 + Level 5.0 Conjurations


You had 7 spell levels left.
You knew the following spells:

 Your Spells              Type           Power      Damage    Failure   Level
a - Kiss of Death         Conj/Necr      48%        2d9       7%          1
b - Momentum Strike       Conj/Tloc      24%        3d8       11%         2
c - Hailstorm             Conj/Ice       12%        3d5       21%         3
d - Apportation           Tloc           6%         N/A       19%         1

Your spell library contained the following spells:

 Spells                   Type           Power      Damage    Failure   Level
 Necrotise                Necr           12%        1d4       19%         1
 Summon Small Mammal      Summ           12%        N/A       19%         1
 Borgnjor's Revivificati  Necr           1%         N/A       100%        8
 Necromutation            Tmut/Necr      1%         N/A       100%        8
 Death's Door             Necr           1%         N/A       100%        9


Dungeon Overview and Level Annotations

Branches:
Dungeon (4/15)
 Temple: D:4-7

Altars:


Innate Abilities, Weirdness & Mutations

You have sharp fingernails.
You are partially covered in thin metallic scales. (AC +2)
You are partially covered in sharp spines.
Your mind is acute. (Int +4, Str/Dex -1)
You are frail. (-10% HP)
Your muscles are strong. (Str +4, Int/Dex -1)


Message History

Your Spellcasting skill increases to level 4!
Your Conjurations skill increases to level 5!
You start resting.
HP restored.
You pick up a book of Cantrips and begin reading...
You add the spells Necrotise, Summon Small Mammal and Apportation to your library.
Memorise Apportation, consuming 1 spell level and leaving 7?
You start memorising the spell.
You continue memorising.
You finish memorising.
Spell assigned to 'd'.
An ogre comes into view. It is wielding a +0 giant club.
The ogre shouts!
You hear an angry hiss.
Throw: 6 darts (poison)
Press: ? - help, Q - select action, (/) - cycle Shift-Dir - straight line, f - ogre
Aim: an ogre, wielding a +0 giant club (73% to hit)
You throw a poisoned dart.
The poisoned dart barely misses the ogre.
A ball python comes into view.
Throw: 5 darts (poison)
Press: ? - help, Q - select action, (/) - cycle Shift-Dir - straight line, f/p - ogre
Aim: an ogre, wielding a +0 giant club (73% to hit)
You throw a poisoned dart.
The poisoned dart barely misses the ogre.
Throw: 4 darts (poison)
Press: ? - help, Q - select action, (/) - cycle Shift-Dir - straight line, f/p - ogre
Aim: an ogre, wielding a +0 giant club (73% to hit)
You throw a poisoned dart.
The poisoned dart completely misses the ogre.
You barely miss the ogre. The ogre is struck by your spines.
The ogre barely misses you.
You completely miss the ogre.
The ogre is moderately wounded.
The ogre hits you with a +0 giant club!!
Ouch! That really hurt!
You hit the ogre.
The ogre is moderately wounded.
You slash the ogre!
The ogre is severely wounded.
The ogre hits you with a +0 giant club!!
Ouch! That really hurt!
You die...

#### #...
#..### #######
#....##
##.....#
#.##..##
##.......
#.###..#
#........ #.#
##.###........
#.#
#.>..........
#.#
####.........
#@# ##........
#O# ##.......
#S## #......#
#(.# ##...###
##.# ###.# (#
#.. .# .# .#


You could see an ogre and a ball python.

Vanquished Creatures
  Grinder (D:4)
  Sigmund (D:3)
  Eustachio (D:4)
  A phantom (D:4)
  A jelly (D:4)
  A gnoll bouda (D:4)
  2 orc priests (D:4)
  A hound (D:4)
  A sleepcap (D:4)
  An orc wizard (D:4)
  3 gnolls (D:4)
  9 adders
  2 worms
  2 dart slugs
  2 orcs (D:4)
  7 endoplasms
  7 giant cockroaches
  7 goblins
  8 hobgoblins
  2 jackals (D:4)
  4 quokkas (D:2)
  5 ball pythons
  3 bats
  3 frilled lizards
  6 kobolds
  9 rats
90 creatures vanquished.

Notes
Turn   | Place    | Note
-------+----------+-------------------------------------------
     0 | D:1      | booth the Demonspawn Reaver began the quest for the Orb.
     0 | D:1      | Reached XP level 1. HP: 16/16 MP: 3/3
   421 | D:1      | Gained mutation: You are partially covered in thin metallic
                  | scales. (AC +2) [demonic ancestry]
   421 | D:1      | Reached XP level 2. HP: 22/22 MP: 5/5
   424 | D:1      | Learned a level 2 spell: Momentum Strike
   983 | D:1      | Gained mutation: You occasionally lose the ability to read
                  | scrolls when taking damage. [potion of mutation]
  1158 | D:2      | Reached XP level 3. HP: 25/28 MP: 6/6
  1162 | D:2      | Learned a level 3 spell: Hailstorm
  1657 | D:2      | Reached XP level 4. HP: 29/32 MP: 7/7
  2276 | D:3      | Noticed Sigmund
  2304 | D:3      | Killed Sigmund
  2305 | D:3      | Reached skill level 4 in Conjurations
  2305 | D:3      | Gained mutation: You are partially covered in sharp spines.
                  | [demonic ancestry]
  2305 | D:3      | Reached XP level 5. HP: 15/41 MP: 9/9
  2305 | D:3      | Gained mutation: You have sharp fingernails. [demonic
                  | ancestry]
  2305 | D:3      | Reached XP level 6. HP: 17/47 MP: 10/10
  3183 | D:4      | Lost mutation: You occasionally lose the ability to read
                  | scrolls when taking damage. [potion of mutation]
  3183 | D:4      | Gained mutation: You are frail. (-10% HP) [potion of
                  | mutation]
  3183 | D:4      | Gained mutation: Your mind is acute. (Int +4, Str/Dex -1)
                  | [potion of mutation]
  3183 | D:4      | Gained mutation: Your muscles are strong. (Str +4, Int/Dex
                  | -1) [potion of mutation]
  3192 | D:4      | Noticed Eustachio
  3242 | D:4      | HP: 2/43 [Eustachio/+0 rapier (5)]
  3243 | D:4      | Killed Eustachio
  3244 | D:4      | Reached XP level 7. HP: 3/48 MP: 10/12
  3662 | D:4      | Noticed Grinder
  3677 | D:4      | Killed Grinder
  3678 | D:4      | Reached skill level 5 in Conjurations
  3725 | D:4      | Learned a level 1 spell: Apportation
  3738 | D:4      | Slain by an ogre

Illustrated notes

Levels and vault maps discovered:
D:1:      mrwooster_arrival_statue_3, layout_basic, minmay_hexomino_u4
D:2:      layout_loops_ring
D:3:      layout_rooms, uniq_sigmund
D:4:      layout_rooms, mainiacjoe_overflow_alcove_4, uniq_eustachio,
          uniq_grinder

Skill      XL: |  1  2  3  4  5  6  7 |
---------------+----------------------+-----
Dodging        | 2 3 4 |  4.0
Axes           | 3 4 |  4.6
Fighting       | 3 4 |  4.4
Spellcasting   | 3 4 |  4.1
Conjurations   | 4 5 |  5.0

Action                     |  1- 3 |  4- 6 |  7- 9 || total
---------------------------+-------+-------+-------++-------
  Melee: Hand axe          |   123 |   167 |    46 ||   336
         Punch             |       |     2 |       ||     2
  Throw: Dart              |     7 |    29 |     5 ||    41
   Cast: Kiss of Death     |     1 |     1 |       ||     2
    Use: Potion            |     1 |     4 |     1 ||     6
         Scroll            |       |     7 |       ||     7
 Armour: Leather armour    |    44 |    63 |    12 ||   119
  Dodge: Dodged            |    74 |   141 |    23 ||   238
